 Dungeon Crawl Stone Soup version 0.31-a0-1321-g5021b54cb2 (webtiles) character file.

Game seed: 4214459537164433514

1659512 RepHenryClay the Invulnerable (level 26, 239/239 HPs)
             Began as a Minotaur Brigand on Dec 19, 2023.
             Was an Initiate of Gozag.
             Escaped with the Orb
             ... and 3 runes on Dec 20, 2023!
             The game lasted 02:34:04 (70409 turns).

RepHenryClay the Invulnerable (Minotaur Brigand)   Turns: 70409, Time: 02:34:05

Health: 239/239    AC: 44    Str: 29    XL:     26   Next: 47%
Magic:  32/32      EV: 31    Int: 12    God:    Gozag
Gold:   410        SH:  0    Dex: 15    Spells: 17/25 levels left

rFire   + + .        a - +4 consecrated labrys {holy, Valiant ^Fragile Fly SInv}
rCold   + + .        (no shield)
rNeg    + . .        z - +9 plate armour {Will+}
rPois   +            n - +3 hat of Pondering {ponderous, Will+ MP+10 Int+5}
rElec   +            J - +2 ratskin cloak {*Rats rPois rN+ Str-1 Int-1 Dex+1}
rCorr   .            R - +2 pair of gloves "Foawuamosi" {rElec rF+ Regen+}
SInv    +            j - +0 pair of boots of Perfidy {rC+ Stlth+}
Will    ++++.        u - amulet "Duolaos" {+Blink Regen+ Str+4} Stlth
                     H - ring "Wien" {rF+ rC+ Will+}
HPRegen 2.19/turn    k - ring of the Hare {EV+10}
MPRegen 0.23/turn

%: clarity
@: flying, studying Ranged Weapons, slow
A: horns 2, retaliatory headbutt, clarity, deterioration 1, frail 1, evolution
1, inability to read after injury 1
0: Orb of Zot
}: 3/15 runes: decaying, silver, gossamer
a: Renounce Religion, Evoke Blink, Potion Petition, Call Merchant, Bribe Branch


You escaped.
You worshipped Gozag.
Gozag was aware of your devotion.
You visited 11 branches of the dungeon, and saw 49 of its levels.
You visited 1 bazaar.
You also visited: Trove, Ossuary, Bailey and Ice Cave.

You collected 30202 gold pieces.
You spent 6834 gold pieces at shops.
You paid 22958 gold pieces to Gozag.

Inventory:

Hand Weapons
 a - the +4 consecrated labrys (weapon) {holy, Valiant ^Fragile Fly SInv}
   (You bought it in a shop on level 15 of the Dungeon)

   Valiant:   It becomes more powerful as more dangerous foes come into view.
   SInv:      It lets you see invisible.
   Fly:       It grants you flight.
   ^Fragile:  It will be destroyed if unequipped.
Missiles
 w - 4 javelins
 y - 3 darts of dispersal
 X - 21 silver javelins (quivered)
Armour
 j - the +0 pair of boots of Perfidy (worn) {rC+ Stlth+}
   (You acquired it on level 3 of the Realm of Zot)

   rC+:       It protects you from cold.
   Stlth+:    It makes you more stealthy.
 l - the +3 kite shield of Zealous Curiosity {rC++ Int+4}
   (You found it in a treasure trove)

   Int+4:     It affects your intelligence (+4).
   rC++:      It greatly protects you from cold.
 n - the +3 hat of Pondering (worn) {ponderous, Will+ MP+10 Int+5}
   (You found it on level 5 of the Vaults)

   Int+5:     It affects your intelligence (+5).
   Will+:     It increases your willpower.
   MP+10:     It affects your magic capacity (+10).
 p - the +0 pair of gloves of Gaamonyg {rC+ rN+ Will+}
   (You found it on level 1 of the Elven Halls)

   rC+:       It protects you from cold.
   rN+:       It protects you from negative energy.
   Will+:     It increases your willpower.
 x - the +0 pair of gloves of Discretion {*Corrode rElec rPois rF+++}
   (You bought it in a shop on level 5 of the Realm of Zot)

   rF+++:     It renders you almost immune to fire.
   rElec:     It insulates you from electricity.
   rPois:     It protects you from poison *Corrode: It may corrode you when you
   take damage.
 z - a +9 plate armour of willpower (worn)
 G - a scarf of resistance
 J - the +2 ratskin cloak (worn) {*Rats rPois rN+ Str-1 Int-1 Dex+1}
   (You found it on level 5 of the Dungeon)

   *Rats:     When the wearer is hurt, rats may emerge from it to assist them.
   Str-1:     It affects your strength (-1).
   Int-1:     It affects your intelligence (-1).
   Dex+1:     It affects your dexterity (+1).
   rPois:     It protects you from poison rN+: It protects you from negative
   energy.
 Q - the +6 plate armour of the Pit {rElec Int+3}
   (You bought it in a shop on level 2 of the Orcish Mines)

   Int+3:     It affects your intelligence (+3).
   rElec:     It insulates you from electricity.
 R - the +2 pair of gloves "Foawuamosi" (worn) {rElec rF+ Regen+}
   (You bought it in a shop on level 4 of the Depths)

   rF+:       It protects you from fire.
   rElec:     It insulates you from electricity.
   Regen+:    It increases your rate of health regeneration.
Jewellery
 b - the amulet of Ruyg {rC+ Will+ Regen+ SInv}
   (You bought it in a shop in a bazaar)

   [amulet of regeneration]

   rC+:       It protects you from cold.
   Will+:     It increases your willpower.
   SInv:      It lets you see invisible.
   Regen+:    It increases your rate of health regeneration.
 k - the ring of the Hare (right hand) {EV+10}
   (You bought it in a shop on level 2 of the Orcish Mines)

   [ring of evasion]

   EV+10:     It affects your evasion (+10).
 s - the ring "Deckay" {rElec rC+ MP+9 Int+6 Dex-3}
   (You found it in a treasure trove)

   [ring of magical power]

   Int+6:     It affects your intelligence (+6).
   Dex-3:     It affects your dexterity (-3).
   rC+:       It protects you from cold.
   rElec:     It insulates you from electricity.
   MP+9:      It affects your magic capacity (+9).
 u - the amulet "Duolaos" (around neck) {+Blink Regen+ Str+4}
   (You found it on level 5 of the Vaults)

   [amulet of regeneration]

   Str+4:     It affects your strength (+4).
   +Blink:    It lets you blink.
   Regen+:    It increases your rate of health regeneration.
 A - the ring "Linoamosm" {rN+ rCorr Int+3 Dex-2}
   (You found it in a treasure trove)

   [ring of resist corrosion]

   Int+3:     It affects your intelligence (+3).
   Dex-2:     It affects your dexterity (-2).
   rN+:       It protects you from negative energy.
   rCorr:     It protects you from acid and corrosion.
 D - the ring of Ymuyf {Will- Str+3 Int+4 Slay+2 SInv}
   (You found it in a treasure trove)

   [ring of see invisible]

   Str+3:     It affects your strength (+3).
   Int+4:     It affects your intelligence (+4).
   Slay+2:    It affects your accuracy & damage with ranged weapons and melee
   (+2).
   Will-:     It decreases your willpower.
   SInv:      It lets you see invisible.
 H - the ring "Wien" (left hand) {rF+ rC+ Will+}
   (You took it off a rakshasa on level 2 of the Depths)

   [ring of protection from fire]

   rF+:       It protects you from fire.
   rC+:       It protects you from cold.
   Will+:     It increases your willpower.
 U - the ring "Naphoda" {Fly Will+ Str+3 Dex+4}
   (You found it on level 2 of the Swamp)

   [ring of willpower]

   Str+3:     It affects your strength (+3).
   Dex+4:     It affects your dexterity (+4).
   Will+:     It increases your willpower.
   Fly:       It grants you flight.
Wands
 i - a wand of paralysis (47)
 I - a wand of digging (28)
 O - a wand of iceblast (35)
 W - a wand of mindburst (49)
 Z - a wand of acid (27)
Scrolls
 c - a scroll of revelation
 d - a scroll of acquirement
 e - 2 scrolls of brand weapon
 h - 12 scrolls of teleportation
 t - 2 scrolls of fear
 v - 6 scrolls of immolation
 E - 5 scrolls of blinking
 K - 4 scrolls of enchant weapon
 M - 2 scrolls of summoning
 S - 6 scrolls of fog
Potions
 f - 5 potions of lignification
 g - 5 potions of magic
 m - 8 potions of might
 o - 6 potions of ambrosia
 q - 7 potions of mutation
 r - 17 potions of curing
 B - 5 potions of resistance
 C - 10 potions of enlightenment
 F - 3 potions of haste
 L - a potion of cancellation
 T - a potion of berserk rage
 V - 10 potions of heal wounds
 Y - 4 potions of invisibility


   Skills:
 O Level 27 Fighting
 - Level 2.1 Short Blades
 + Level 24.3 Axes
 - Level 10.0 Throwing
 O Level 27 Armour
 O Level 27 Dodging
 - Level 3.2 Stealth
 - Level 12.0 Translocations
 + Level 9.4 Evocations


You had 17 spell levels left.
You knew the following spells:

 Your Spells              Type           Power      Damage    Failure   Level
a - Lesser Beckoning      Tloc           56%        N/A       1%          2
b - Manifold Assault      Tloc           28%        N/A       7%          4
Q - Blink                 Tloc           56%        N/A       1%          2

Your spell library contained the following spells:

 Spells                   Type           Power      Damage    Failure   Level
 Apportation              Tloc           56%        N/A       1%          1
 Gell's Gravitas          Tloc           28%        N/A       1%          3
 Teleport Other           Tloc           28%        N/A       1%          3
 Momentum Strike          Conj/Tloc      28%        3d8       12%         2
 Volatile Blastmotes      Fire/Tloc      28%        2d12      24%         3
 Dimensional Bullseye     Hex/Tloc       7%         N/A       61%         4
 Iskenderun's Mystic Bla  Conj/Tloc      14%        2d5       61%         4
 Vhi's Electric Charge    Tloc/Air       28%        N/A       61%         4
 Kiss of Death            Conj/Necr      0%         2d5       67%         1
 Magic Dart               Conj           0%         1d3       67%         1
 Necrotise                Necr           0%         1d4       67%         1
 Sandblast                Erth           0%         2d4       67%         1
 Shock                    Conj/Air       0%         1d3       67%         1
 Slow                     Hex            0%         N/A       67%         1
 Dispersal                Tloc           14%        N/A       71%         6
 Call Imp                 Summ           0%         N/A       80%         2
 Cigotuvi's Dreadful Rot  Necr/Alch/Air  0%         N/A       80%         2
 Ensorcelled Hibernation  Hex/Ice        0%         N/A       80%         2
 Jinxbite                 Hex            0%         N/A       80%         2
 Passwall                 Alch/Erth      0%         N/A       80%         2
 Searing Ray              Conj           0%         2d4       80%         2
 Sublimation of Blood     Necr           0%         N/A       80%         2
 Summon Forest            Summ/Tloc      7%         N/A       91%         5
 Confusing Touch          Hex            0%         N/A       95%         3
 Dazzling Flash           Conj/Hex       0%         N/A       95%         3
 Frozen Ramparts          Ice            0%         1d1       95%         3
 Fugue of the Fallen      Necr           0%         N/A       95%         3
 Hailstorm                Conj/Ice       0%         3d5       95%         3
 Inner Flame              Hex/Fire       0%         N/A       95%         3
 Ozocubu's Armour         Ice            0%         N/A       95%         3
 Sigil of Binding         Hex            0%         N/A       95%         3
 Stone Arrow              Conj/Erth      0%         3d7       95%         3
 Summon Guardian Golem    Hex/Summ       0%         N/A       95%         3
 Swiftness                Air            0%         N/A       95%         3
 Tukima's Dance           Hex            0%         N/A       95%         3
 Vampiric Draining        Necr           0%         2d6       95%         3
 Airstrike                Air            0%         2d(0-16)  100%        4
 Anguish                  Hex/Necr       0%         N/A       100%        4
 Animate Armour           Summ/Erth      0%         N/A       100%        4
 Brom's Barrelling Bould  Conj/Erth      0%         2d3       100%        4
 Cause Fear               Hex            0%         N/A       100%        4
 Dispel Undead            Necr           0%         3d6       100%        4
 Fulminant Prism          Conj/Alch      0%         3d5       100%        4
 Summon Ice Beast         Ice/Summ       0%         N/A       100%        4
 Summon Lightning Spire   Summ/Air       0%         N/A       100%        4
 Agony                    Necr           0%         N/A       100%        5
 Alistair's Intoxication  Alch           0%         N/A       100%        5
 Arcjolt                  Conj/Air       0%         1d10      100%        5
 Borgnjor's Vile Clutch   Necr/Erth      0%         N/A       100%        5
 Irradiate                Conj/Alch      0%         3d11      100%        5
 Lee's Rapid Deconstruct  Erth           0%         3d4*      100%        5
 Metabolic Englaciation   Hex/Ice        0%         N/A       100%        5
 Silence                  Hex/Air        0%         N/A       100%        5
 Summon Mana Viper        Hex/Summ       0%         N/A       100%        5
 Yara's Violent Unravell  Hex/Alch       0%         3d3       100%        5
 Conjure Ball Lightning   Conj/Air       0%         3x3d6     100%        6
 Death Channel            Necr           0%         N/A       100%        6
 Plasma Beam              Fire/Air       0%         2x1d10    100%        6
 Starburst                Conj/Fire      0%         6d3       100%        6
 Summon Cactus Giant      Summ           0%         N/A       100%        6
 Enfeeble                 Hex            0%         N/A       100%        7
 Haunt                    Necr/Summ      0%         N/A       100%        7
 Malign Gateway           Summ/Tloc      7%         N/A       100%        7
 Orb of Destruction       Conj           0%         9d5       100%        7
 Ozocubu's Refrigeration  Ice            0%         4d7       100%        7
 Spellforged Servitor     Conj/Summ      0%         N/A       100%        7
 Summon Hydra             Summ           0%         N/A       100%        7
 Discord                  Hex            0%         N/A       100%        8
 Disjunction              Tloc           14%        N/A       100%        8
 Ignition                 Fire           0%         3d3       100%        8
 Lehudib's Crystal Spear  Conj/Erth      0%         10d2      100%        8
 Maxwell's Capacitive Co  Air            0%         ∞         100%        8
 Chain Lightning          Conj/Air       0%         N/A       100%        9
 Polar Vortex             Ice            0%         N/A       100%        9
 Animate Dead             Necr           Unusable   N/A       N/A         4
 Simulacrum               Ice/Necr       Unusable   N/A       N/A         6

Dungeon Overview and Level Annotations

Branches:
Dungeon (15/15)            Temple (1/1) D:6            Lair (5/5) D:9
  Swamp (4/4) Lair:2       Spider (4/4) Lair:3        Slime (0/5) Lair:4
    Orc (2/2) D:9             Elf (3/3) Orc:2        Vaults (5/5) D:14
  Crypt (0/3) Vaults:3     Depths (4/4) D:15           Hell (visited)
    Zot (5/5) Depths:4    Ossuary (visited)          Bailey (visited)
  IceCv (visited)
    Dis: Hell:1         Geh: Hell:1         Coc: Hell:1         Tar: Hell:1

Altars:
Ashenzari
Cheibriados
Dithmenos
Elyvilon
Fedhas
Gozag
Hepliaklqana
Kikubaaqudgha
Makhleb
Nemelex Xobeh
Okawaru
Qazlal
Ru
Sif Muna
Trog
Uskayaw
Vehumet
Wu Jian
Xom
Yredelemnul
Zin
The Shining One
Jiyva

Shops:
D:3 !   D:4 [   D:11 :   D:12 !   D:15 (   Orc:2 !(?[=   Vaults:2 [=?
Vaults:3 !   Zot:5 *   Depths:1 *   Depths:4 ((==[[*=[[*(([

Portals:
Hell: Depths:1 Depths:2 Depths:3 Depths:4
Abyss: Depths:2 Depths:3
Pandemonium: Depths:2
Ziggurat: Depths:3

Annotations:
D:10 exclusion: oklob plant
D:11 1 exclusion
Lair:3 exclusion: oklob plant
Swamp:1 Roxanne
Swamp:4 Mara
Zot:1 1 transporter


Innate Abilities, Weirdness & Mutations

You have a pair of horns on your head.
You reflexively headbutt those who attack you in melee.
You possess an exceptional clarity of mind.
Your body sometimes deteriorates upon taking damage.
You are frail. (-10% HP)
You have hidden genetic potential.
You occasionally lose the ability to read scrolls when taking damage.


Message History

There is a stone staircase leading up here.
You see here a +3 dagger.
You fly upwards.
There is a stone staircase leading down here.
There is a stone staircase leading up here.
You fly upwards.
There is a stone staircase leading down here.
A chaos spawn comes into view.
There is a stone staircase leading up here.
You fly upwards.
There is a stone staircase leading down here.
What level of the Dungeon? (default 1, ? - help)
There is a stone staircase leading up here.
You fly upwards.
There is a stone staircase leading down here.
There is a stone staircase leading up here.
You fly upwards.
There is a stone staircase leading down here.
There is a stone staircase leading up here.
You fly upwards.
There is a stone staircase leading down here.
There is a stone staircase leading up here.
You fly upwards.
A blizzard demon comes into view.
There is a stone staircase leading down here.
You hit the blizzard demon.
The blizzard demon convulses.
You headbutt the blizzard demon, but do no damage.
The blizzard demon is lightly wounded.
You slash the blizzard demon!
The blizzard demon convulses!
The blizzard demon is moderately wounded.
The blizzard demon completely misses you.
You furiously retaliate!
You headbutt the blizzard demon!
The blizzard demon completely misses you.
You cut the blizzard demon into ribbons!!!
You kill the blizzard demon!
No target in view!
What level of the Dungeon? (default 1, ? - help) You're already here!
There is a staircase leading out of the dungeon here.
You have escaped!

..............................##...
.........................####......
....................####..######...
.................>#### ##..........
...............##....## ########.##
#............#..####>.##########.#
##..........#....# ##.........##.#
########.....##.########.....##.#
#####.#..@.# #.....##.#
#####.#....# #.....##.##
#.....##'#'## #####.##.#.
#........#..####### #....÷.
#........##..##...###.#..##
#........##....(....#..(.##
#........###........#......
#........# ###.....##..#.#.
#........### ########.##...


There were no monsters in sight!

Vanquished Creatures
  4 dread liches
  3 orbs of fire
  5 ancient liches
  Vv (Zot:3)
  Saint Roka (Vaults:5)
  10 Killer Klowns
  The ghost of Cuhyol the Skinwalker, a veteran MfSh of Jiyva (Zot:1)
  A curse toe (Zot:1)
  Geryon (Hell)
  Nikola (Depths:1)
  The ghost of Heg Cuhi the Slayer, an adept MiFi of Okawaru (Elf:1)
  6 golden dragons
  A bone dragon (Depths:4)
  A Brimstone Fiend (D:14)
  6 electric golems
  Rupert (Orc:2)
  4 liches
  27 Orb Guardians
  20 tentacled monstrosities
  5 deep elf blademasters
  3 deep elf master archers (Elf:3)
  4 sphinxes
  5 titans (Vaults:5)
  5 quicksilver dragons
  9 tengu reavers
  7 death cobs
  10 shadow dragons
  3 thorn hunters
  11 storm dragons
  5 deep elf sorcerers
  11 draconian monks
  16 vault wardens
  A fenstrider witch (Swamp:2)
  6 protean progenitors
  17 fire giants
  7 emperor scorpions
  5 draconian knights
  8 frost giants
  8 ghost moths
  6 draconian shifters
  An iron dragon (Depths:3)
  3 deep elf elementalists (Elf:3)
  3 reapers
  10 draconian scorchers
  3 draconian stormcallers
  A spriggan defender (Depths:2)
  4 draconian annihilators
  15 ironbound preservers
  2 formless jellyfish
  32 very ugly things
  14 stone giants
  4 broodmothers
  6 war gargoyles
  8 deep elf demonologists
  6 eleionomae
  8 deep elf death magi
  8 green draconians
  5 ironbound thunderhulks
  3 vampire knights
  16 red draconians
  10 yellow draconians
  Azrael (D:14)
  7 deep elf annihilators
  9 purple draconians
  9 white draconians
  12 black draconians
  A lorocyproca (Depths:2)
  6 bunyips
  14 dire elephants
  2 spark wasps (Depths:2)
  2 blizzard demons
  7 crystal guardians
  5 entropy weavers
  Josephine (D:15)
  3 deep elf high priests
  15 ettins
  A merfolk impaler (Depths:2)
  4 merfolk javelineers
  11 fire dragons
  Harold (D:10)
  8 peacekeepers
  5 ice dragons
  14 yaktaur captains
  13 great orbs of eyes
  24 hydras
  Erolcha (Orc:2)
  2 rakshasas
  4 catoblepae
  3 shambling mangroves
  A caustic shrike simulacrum (IceCv)
  3 ogre magi
  A hell beast (Depths:1)
  6 two-headed ogres
  A ghost crab (Swamp:2)
  31 vault guards
  8 ironbound frosthearts
  A jorogumo (Spider:3)
  5 spriggan air magi
  11 alligators
  11 centaur warriors
  26 dancing weapons
  6 radroaches
  3 death knights
  11 deep troll shamans
  6 tengu warriors
  16 boulder beetles
  A sphinx skeleton (Depths:2)
  16 death yaks
  14 deep troll earth magi
  6 demonic crawlers
  A vampire mage (Depths:2)
  2 satyrs (Zot:4)
  3 spriggan berserkers
  2 orc high priests
  4 hell knights
  A soul eater (Hell)
  2 occultists
  2 sun demons
  2 skeletal warriors
  Nergalle (Orc:2)
  2 skysharks (Lair:5)
  A skyshark (shapeshifter) (Depths:3)
  10 deep elf knights
  A titan skeleton (Depths:2)
  Amaemon (D:11)
  2 sun moths (Spider:4)
  An orb spider (shapeshifter) (Vaults:2)
  5 goliath frogs
  48 deep trolls
  A spark wasp zombie (Depths:1)
  10 swamp dragons
  16 iron trolls
  5 flayed ghosts
  9 pharaoh ants
  A death drake (Swamp:3)
  An orange crystal statue (IceCv)
  6 glowing orange brains
  A shadow demon (D:10)
  A deep troll (shapeshifter) (Elf:3)
  7 bog bodies
  An obsidian statue (IceCv)
  5 lindwurms
  16 orb spiders
  6 phantasmal warriors
  4 spriggan druids
  8 arcanists
  A spriggan simulacrum (IceCv)
  11 deep elf archers
  14 ironbound convokers
  9 steelbarb worms
  A fire giant zombie (Depths:1)
  A wolf spider zombie (D:15)
  6 necromancers
  32 deep elf pyromancers
  36 deep elf zephyrmancers
  5 harpies (Vaults:5)
  4 orc knights (Vaults:5)
  2 shining eyes (Zot:4)
  25 wolf spiders
  9 orc sorcerers
  A wolf spider (shapeshifter) (Vaults:5)
  An iron dragon zombie (Depths:2)
  22 moths of wrath
  7 manticores
  8 large abominations (Depths:3)
  7 cyclopes
  A moth of wrath (shapeshifter) (Depths:4)
  48 ugly things
  Maurice (D:10)
  4 black mambas
  6 kobold blastminers
  9 elephants
  4 will-o-the-wisps
  A black mamba (shapeshifter) (Vaults:5)
  An eye of devastation (shapeshifter) (Vaults:5)
  A gargoyle (D:14)
  A molten gargoyle (Depths:1)
  5 rust devils
  15 vault sentinels
  3 smoke demons
  6 torpor snails
  A centaur skeleton (D:15)
  16 cane toads
  4 unseen horrors
  A hellion (Elf:1)
  2 orange demons
  11 rime drakes
  14 freezing wraiths
  2 tengu conjurers
  36 yaktaurs
  A kobold demonologist (D:11)
  4 ice devils (IceCv)
  A komodo dragon (shapeshifter) (Vaults:5)
  12 komodo dragons
  2 red devils
  7 trolls
  7 tyrant leeches
  A bloated husk (Swamp:1)
  A meliai (shapeshifter) (D:14)
  2 polar bears (Lair:5)
  A tengu simulacrum (Depths:2)
  A tarantella (shapeshifter) (D:14)
  14 hornets
  A hellwing (D:12)
  7 dream sheep
  24 tarantellas
  2 glass eyes
  2 alligator simulacra (IceCv)
  28 blink frogs
  35 jumping spiders
  43 slime creatures
  2 air elementals
  2 centaur simulacra
  8 spriggans
  10 wraiths
  A shadow (D:10)
  41 yaks
  3 vampires
  27 culicivoras
  19 water elementals
  A yak (shapeshifter) (D:14)
  9 basilisks
  A neqoxec (D:12)
  A wyvern (Lair:1)
  3 fire elementals (D:14)
  A redback (shapeshifter) (Depths:4)
  A warg (Orc:2)
  4 minotaur simulacra (IceCv)
  A golden eye (shapeshifter) (Elf:2)
  5 steam dragons
  21 vampire mosquitoes
  18 swamp worms
  3 chaos spawn (Depths:3)
  44 redbacks
  3 small abominations (Depths:3)
  5 acid dragons
  13 water moccasins
  7 hell hounds
  A human skeleton (Depths:2)
  A hydra simulacrum (IceCv)
  A black bear (D:8)
  18 orc warriors
  2 sky beasts (D:7)
  A black bear (shapeshifter) (D:14)
  7 swamp drakes
  2 ice beasts
  10 ogres
  An ettin simulacrum (Depths:1)
  5 wolves
  18 centaurs
  2 kobold brigands
  2 earth elementals (Elf:3)
  16 bullfrogs
  A gnoll sergeant (D:7)
  4 wights (D:8)
  3 deep troll simulacra (IceCv)
  A lindwurm simulacrum (IceCv)
  11 killer bees
  A killer bee (shapeshifter) (D:14)
  3 electric eels
  3 howler monkeys
  3 quasits (D:12)
  13 orc priests
  2 gnoll boudas
  7 hounds
  2 sleepcaps (D:5)
  Jessica (D:2)
  3 iguanas (D:5)
  38 orc wizards
  7 hell rats (Lair:5)
  A boggart skeleton (D:15)
  A lightning spire (Zot:2)
  8 mummies (Ossuary)
  13 gnolls
  4 adders
  2 shadow imps
  3 white imps
  2 ufetubi (D:6)
  5 worms
  3 dart slugs
  77 orcs
  6 ball pythons
  7 bats
  6 endoplasms
  4 giant cockroaches
  10 goblins
  5 hobgoblins
  3 jackals (D:3)
  A quokka (D:1)
  3 frilled lizards
  A gnoll zombie (Ossuary)
  2 hobgoblin zombies (Ossuary)
  18 kobolds
  3 kobold zombies (Ossuary)
  2 orc zombies (Ossuary)
  13 rats
  2 aspiring fleshes
2207 creatures vanquished.

Vanquished Creatures (collateral kills)
  A deep elf master archer (Elf:3)
  A very ugly thing (Vaults:5)
  A death yak (Lair:4)
  An occultist (D:15)
  A goliath frog (Swamp:1)
  A manticore (D:14)
  An elephant (Lair:4)
  A torpor snail (Spider:3)
  A black mamba (Lair:5)
  A cane toad (Lair:5)
  An ice devil (D:12)
  3 slime creatures (D:12)
  A spriggan (Bailey)
  A vampire mosquito (D:11)
  A redback (Spider:1)
  A wolf (Lair:5)
  2 killer bees (D:10)
20 creatures vanquished.

Vanquished Creatures (others)
  2 draconian knights (Zot:4)
  2 occultists (D:15)
  A steelbarb worm (Spider:3)
  A deep elf pyromancer (Elf:3)
  A deep elf zephyrmancer (Elf:1)
  A yaktaur (Vaults:3)
  3 rime drakes (Lair:2)
  3 bloated husks
  A spriggan (Swamp:4)
  A steam dragon (Lair:2)
  2 swamp worms (Swamp:1)
  An orc warrior (Vaults:5)
  A swamp drake (Swamp:1)
  A centaur (D:12)
  18 foxfires
39 creatures vanquished.

Grand Total: 2266 creatures vanquished

Notes
Turn   | Place    | Note
-------+----------+-------------------------------------------
     0 | D:1      | RepHenryClay the Minotaur Brigand began the quest for the
                  | Orb.
     0 | D:1      | Reached XP level 1. HP: 18/18 MP: 0/0
    14 | D:1      | Reached skill level 1 in Armour
   128 | D:1      | You fall into a shaft and drop 1 floor!
   157 | D:2      | Reached XP level 2. HP: 25/25 MP: 1/1
   489 | D:2      | Noticed Jessica
   514 | D:1      | Reached XP level 3. HP: 30/30 MP: 2/2
   933 | D:2      | Found a glowing golden altar of the Shining One.
   979 | D:2      | Killed Jessica
   980 | D:2      | Reached skill level 1 in Axes
   980 | D:2      | Reached XP level 4. HP: 30/37 MP: 3/3
  1380 | D:3      | Found Coadexue's Distillery.
  1387 | D:3      | Bought a potion of curing for 36 gold pieces
  1387 | D:3      | Bought a potion of might for 48 gold pieces
  1524 | D:3      | Found a faded altar of an unknown god.
  1614 | D:3      | Reached XP level 5. HP: 39/42 MP: 4/4
  1669 | D:3      | Found a broken altar of Ashenzari.
  1734 | D:3      | Reached skill level 5 in Armour
  1947 | D:3      | Found a burning altar of Makhleb.
  2127 | D:4      | Noticed an ogre
  2135 | D:4      | Killed an ogre
  2256 | D:4      | Found a sand-covered staircase.
  2273 | Ossuary  | Entered an ossuary
  2298 | Ossuary  | Reached XP level 6. HP: 34/50 MP: 5/5
  2378 | Ossuary  | Reached skill level 5 in Axes
  2878 | D:4      | Found Votuf's Antique Armour Emporium.
  2886 | D:4      | Bought a runed scarf for 200 gold pieces
  3251 | D:5      | Entered Level 5 of the Dungeon
  3332 | D:5      | Reached XP level 7. HP: 55/56 MP: 6/6
  3545 | D:5      | Found a snail-covered altar of Cheibriados.
  3715 | D:5      | Found the +2 ratskin cloak {*Rats rPois rN+ Str-1 Int-1
                  | Dex+1}
  3931 | D:5      | Identified the +0 robe of Snakes and Ladders {Will+}
  4008 | D:6      | Found a glowing golden altar of the Shining One.
  4037 | D:6      | Found a shimmering blue altar of Sif Muna.
  4631 | D:6      | Reached XP level 8. HP: 54/62 MP: 7/7
  4762 | D:6      | Found a staircase to the Ecumenical Temple.
  4771 | D:6      | Reached skill level 10 in Axes
  4782 | Temple   | Entered the Ecumenical Temple
  4812 | Temple   | Became a worshipper of Gozag Ym Sagoz the Greedy
  5314 | D:7      | Identified the +5 scale mail of the Gnashing Gods {rPois
                  | Will- Int+2}
  5553 | D:7      | Found a glowing silver altar of Zin.
  6083 | D:7      | Reached XP level 9. HP: 62/68 MP: 8/8
  6389 | D:8      | Found a flagged portal.
  6398 | Bailey   | Entered a bailey
  6617 | Bailey   | Identified the +1 swamp dragon scales of Minor Irritation
                  | {rPois rF+ Regen+ Stlth+}
  6836 | Bailey   | Noticed a two-headed ogre
  6853 | Bailey   | Killed a two-headed ogre
  6854 | Bailey   | Reached skill level 10 in Armour
  7004 | D:8      | Reached XP level 10. HP: 74/74 MP: 9/9
  7051 | D:8      | Found a hazy altar of Hepliaklqana.
  7052 | D:8      | Found a radiant altar of Vehumet.
  7055 | D:8      | Found an ornate altar of the Wu Jian Council.
  7197 | D:8      | Identified the +3 rapier "Tioni" {heavy, rElec rF+}
  7519 | D:8      | Reached skill level 5 in Fighting
  7756 | D:9      | Found a staircase to the Orcish Mines.
  7827 | D:9      | Found a sparkling altar of Nemelex Xobeh.
  7925 | D:9      | Found a staircase to the Lair.
  8634 | D:10     | Entered Level 10 of the Dungeon
  8728 | D:10     | Identified the +0 leather armour of the Beginning {rC-
                  | Str+3 Int+3}
  8799 | D:10     | Noticed Maurice
  8817 | D:10     | Something stole a ring of poison resistance
  8819 | D:10     | Killed Maurice
  8941 | D:10     | Found a blossoming altar of Fedhas.
  8966 | D:10     | Noticed an oklob plant
  9194 | D:10     | Noticed Harold
  9201 | D:10     | Killed Harold
  9675 | D:11     | Reached XP level 11. HP: 76/93 MP: 10/10
  9699 | D:11     | Noticed Amaemon
  9713 | D:11     | Killed Amaemon
  9714 | D:11     | Reached skill level 15 in Axes
  9890 | D:11     | Found Boiniot's Book Shoppe.
  9980 | D:11     | Noticed a brown ugly thing
  9993 | D:11     | Killed a brown ugly thing
 10507 | Orc:1    | Entered Level 1 of the Orcish Mines
 10635 | Orc:2    | Entered Level 2 of the Orcish Mines
 10687 | Orc:2    | Noticed Rupert
 10822 | Lair:1   | Entered Level 1 of the Lair of Beasts
 10930 | Lair:1   | You fall into a shaft and drop 1 floor!
 11125 | Lair:1   | Reached skill level 10 in Fighting
 11242 | Lair:1   | Identified the +3 leather armour of the Lusting Gods
                  | {Slay+2}
 11594 | Lair:1   | Reached XP level 12. HP: 90/106 MP: 11/11
 12196 | Lair:2   | Found a staircase to the Swamp.
 12670 | Lair:3   | Found a hole to the Spider Nest.
 12938 | Lair:3   | Reached skill level 15 in Armour
 13193 | Lair:3   | Noticed a seven-headed hydra
 13204 | Lair:3   | Killed a seven-headed hydra
 13921 | Lair:4   | Noticed a boulder beetle
 13934 | Lair:4   | Killed a boulder beetle
 14027 | Lair:4   | Reached XP level 13. HP: 113/113 MP: 12/12
 14345 | Lair:4   | Found a staircase to the Slime Pits.
 14345 | Lair:4   | Found a viscous altar of Jiyva.
 14660 | Lair:5   | Entered Level 5 of the Lair of Beasts
 15671 | Lair:5   | Reached XP level 14. HP: 123/124 MP: 13/13
 16045 | Lair:5   | Reached skill level 5 in Dodging
 16077 | Lair:5   | Reached skill level 5 in Throwing
 16228 | Lair:5   | Found a shimmering altar of Xom.
 16711 | Lair:5   | Found a shimmering altar of Xom.
 17534 | Lair:5   | Got the Treatise on Allies and Jinxing
 18214 | Orc:2    | Paralysed by Rupert for 3 turns
 18225 | Orc:2    | Paralysed by Rupert for 4 turns
 18241 | Orc:2    | Killed Rupert
 18658 | Orc:2    | Found a staircase to the Elven Halls.
 18662 | Orc:2    | Found Yprasuont's Distillery.
 18706 | Orc:2    | Bought a potion of might for 52 gold pieces
 18706 | Orc:2    | Bought a potion of resistance for 130 gold pieces
 18875 | Orc:2    | Found Ifoygun's Antique Weapon Shoppe.
 18924 | Orc:2    | Found a radiant altar of Vehumet.
 18925 | Orc:2    | Noticed Erolcha
 18933 | Orc:2    | Found Funec's Magic Scroll Shoppe.
 18937 | Orc:2    | Killed Erolcha
 18967 | Orc:2    | Bought a scroll of teleportation for 33 gold pieces
 18967 | Orc:2    | Bought a scroll of revelation for 82 gold pieces
 18967 | Orc:2    | Bought a scroll of identify for 22 gold pieces
 18967 | Orc:2    | Bought a scroll of identify for 22 gold pieces
 18973 | Orc:2    | Found an ancient bone altar of Kikubaaqudgha.
 18973 | Orc:2    | Noticed Nergalle
 18988 | Orc:2    | Killed Nergalle
 19027 | Orc:2    | Found Iddaybot's Antique Armour Shoppe.
 19045 | Orc:2    | Found Imnungy's Jewellery Emporium.
 19273 | Orc:2    | Bought a brightly glowing plate armour for 644 gold pieces
 19273 | Orc:2    | Identified the +6 plate armour of the Pit {rElec Int+3}
                  | (You bought it in a shop on level 2 of the Orcish Mines)
 19293 | Orc:2    | Bought the ring "Lubet" {Will+ SInv Stlth+} for 334 gold
                  | pieces
 19293 | Orc:2    | Bought the ring of the Hare {EV+10} for 1408 gold pieces
 19293 | Orc:2    | Found the ring of the Hare {EV+10}
 19580 | D:12     | Reached XP level 15. HP: 115/134 MP: 11/14
 20455 | D:12     | Found Rouxuxzo's Distillery.
 20460 | D:12     | Bought a potion of heal wounds for 90 gold pieces
 20733 | D:13     | Learned a level 2 spell: Blink
 21632 | D:14     | Noticed Azrael
 21671 | D:14     | Killed Azrael
 21800 | D:14     | Found a gate to the Vaults.
 22979 | D:14     | Noticed a tengu reaver
 22980 | D:14     | Noticed a sphinx
 23372 | D:14     | Killed a sphinx
 23507 | D:14     | Killed a tengu reaver
 23835 | D:15     | Entered Level 15 of the Dungeon
 23878 | D:15     | Noticed Josephine
 23886 | D:15     | Killed Josephine
 23887 | D:15     | Reached XP level 16. HP: 143/145 MP: 15/15
 23902 | D:15     | Identified the +5 trident "Hale" {freeze, Str+4}
 24012 | D:15     | Found a staircase to the Depths.
 24086 | D:15     | Found a frozen archway.
 24130 | IceCv    | Entered an ice cave
 25253 | IceCv    | Reached skill level 10 in Dodging
 25311 | D:15     | Identified the +0 helmet "Muexomet" {^Drain rN+ Regen+
                  | SInv}
 25855 | D:15     | Found a broken altar of Ashenzari.
 26395 | D:15     | Found a broken altar of Ashenzari.
 26464 | D:15     | Found a staircase to the Depths.
 27441 | D:14     | Reached skill level 10 in Throwing
 27484 | D:14     | Reached skill level 15 in Fighting
 27745 | Spider:1 | Entered Level 1 of the Spider Nest
 28302 | Spider:1 | Reached XP level 17. HP: 156/156 MP: 16/16
 28708 | Spider:1 | Identified a scroll of acquirement
 28709 | Spider:1 | Acquired a +2 kite shield of cold resistance
 31723 | Spider:4 | Entered Level 4 of the Spider Nest
 32431 | Spider:4 | Reached XP level 18. HP: 126/168 MP: 17/17
 32949 | Spider:4 | Got a gossamer rune of Zot
 33360 | Swamp:1  | Entered Level 1 of the Swamp
 34183 | Swamp:1  | Noticed Roxanne
 34657 | Swamp:2  | Identified the ring "Naphoda" {Fly Will+ Str+3 Dex+4}
 34759 | Swamp:2  | Identified the scarf "Gaer" {harm, -Tele rCorr Int+4 Dex+3}
 36284 | Swamp:3  | Reached skill level 1 in Translocations
 36435 | Swamp:4  | Entered Level 4 of the Swamp
 36670 | Swamp:4  | Learned a level 2 spell: Lesser Beckoning
 36675 | Swamp:4  | Learned a level 4 spell: Manifold Assault
 37125 | Swamp:4  | Reached XP level 19. HP: 149/178 MP: 18/18
 37129 | Swamp:4  | Reached skill level 5 in Translocations
 37292 | Swamp:4  | Got a decaying rune of Zot
 37462 | Swamp:4  | Noticed Mara
 37466 | Swamp:4  | Noticed RepHenryClay's illusion
 37899 | Vaults:1 | Entered Level 1 of the Vaults
 38601 | Vaults:1 | Identified the +2 long sword of Responsibility {chaos,
                  | +Blink rN+ Will- rCorr}
 40288 | Vaults:2 | Identified the +4 short sword of the Imbibing Oracle
                  | {flame, rCorr Dex+3}
 40324 | Vaults:2 | Reached skill level 15 in Dodging
 40373 | Vaults:2 | Found Yniutil's Armour Boutique.
 40373 | Vaults:2 | Found Qaepooch's Jewellery Boutique.
 40431 | Vaults:2 | Found Getonk's Magic Scroll Boutique.
 40731 | Vaults:2 | Found a portal to a secret trove of treasure.
 41647 | Vaults:3 | Found Cefage's Distillery.
 41672 | Vaults:3 | Reached XP level 20. HP: 161/191 MP: 19/19
 41763 | Vaults:3 | Bought a potion of haste for 140 gold pieces
 42504 | Vaults:3 | Found a staircase to the Crypt.
 43351 | Vaults:4 | Reached skill level 27 in Armour
 44285 | Vaults:4 | Identified the -2 pair of gloves of Happy Babbling {^Drain
                  | rElec rCorr}
 44739 | Vaults:4 | Identified the +1 chain mail of the Stallion {Harm}
 45381 | Depths:1 | Entered Level 1 of the Depths
 45802 | Depths:1 | Found Tosiuh's General Store.
 45833 | Depths:1 | Reached XP level 21. HP: 180/204 MP: 20/20
 45847 | Depths:1 | Noticed Nikola
 45865 | Depths:1 | Killed Nikola
 46619 | Depths:1 | Found a gateway to Hell.
 47155 | Depths:2 | Found a one-way gate leading to the halls of Pandemonium.
 47495 | Depths:2 | Identified the +2 chain mail of Beogh's Favour {rN+ Int+5
                  | Dex+3}
 48162 | Depths:2 | Identified the ring "Wien" {rF+ rC+ Will+}
 49276 | Depths:2 | Found a one-way gate to the infinite horrors of the Abyss.
 50881 | Depths:3 | Reached XP level 22. HP: 187/220 MP: 21/21
 51162 | Depths:3 | Found a one-way gateway to a ziggurat.
 51703 | Depths:4 | Entered Level 4 of the Depths
 51747 | Depths:4 | Noticed a golden dragon
 51765 | Depths:4 | Killed a golden dragon
 51796 | Depths:4 | Found a gate to the Realm of Zot.
 51867 | Depths:4 | Found a flickering gateway to a bazaar.
 51878 | Bazaar   | Entered a bazaar
 51878 | Bazaar   | Found Wacev's Book Emporium.
 51999 | Bazaar   | Found Cucsiqak's Jewellery Boutique.
 52010 | Bazaar   | Found Yfustro's Assorted Antiques.
 52044 | Bazaar   | Found Qoguc's Weapon Shoppe.
 52053 | Bazaar   | Bought a +1 antimagic battleaxe for 265 gold pieces
 52077 | Bazaar   | Bought the amulet of Ruyg {rC+ Will+ Regen+ SInv} for 484
                  | gold pieces
 52088 | Bazaar   | Bought a scroll of enchant armour for 82 gold pieces
 52088 | Bazaar   | Bought a scroll of teleportation for 33 gold pieces
 52320 | Depths:4 | Noticed a caustic shrike
 52320 | Depths:4 | Noticed a caustic shrike
 52324 | Depths:4 | Noticed a caustic shrike
 53647 | Depths:4 | Bought a glowing cloak for 135 gold pieces
 53647 | Depths:4 | Bought a distressingly furry plate armour for 504 gold
                  | pieces
 53647 | Depths:4 | Identified the +3 plate armour "Gugy" {Will+ Str+4} (You
                  | bought it in a shop on level 4 of the Depths)
 53667 | Depths:4 | Bought an ichor-stained cloak for 323 gold pieces
 53667 | Depths:4 | Identified the +2 cloak "Vaoledoc" {rElec} (You bought it
                  | in a shop on level 4 of the Depths)
 53671 | Depths:4 | Bought a pair of shimmering gloves for 370 gold pieces
 53671 | Depths:4 | Identified the +2 pair of gloves "Foawuamosi" {rElec rF+
                  | Regen+} (You bought it in a shop on level 4 of the Depths)
 53985 | Elf:1    | Entered Level 1 of the Elven Halls
 54197 | Elf:1    | Found a huge runed translucent gate.
 54199 | Elf:1    | Found a huge runed translucent gate.
 54202 | Elf:1    | Found a huge runed translucent gate.
 54202 | Elf:1    | Found a huge runed translucent gate.
 54204 | Elf:1    | Found a huge runed translucent gate.
 54204 | Elf:1    | Found a huge runed translucent gate.
 54204 | Elf:1    | Found a huge runed translucent gate.
 54204 | Elf:1    | Found a huge runed translucent gate.
 54204 | Elf:1    | Found a huge runed translucent gate.
 54204 | Elf:1    | Found a huge runed translucent gate.
 54204 | Elf:1    | Found a huge runed translucent gate.
 54204 | Elf:1    | Found a huge runed translucent gate.
 54206 | Elf:1    | Found a huge runed translucent gate.
 54206 | Elf:1    | Found a huge runed translucent gate.
 54206 | Elf:1    | Found a huge runed translucent gate.
 54206 | Elf:1    | Found a huge runed translucent gate.
 54206 | Elf:1    | Found a huge runed translucent gate.
 54206 | Elf:1    | Found a huge runed translucent gate.
 54207 | Elf:1    | Found a huge runed translucent gate.
 54207 | Elf:1    | Found a huge runed translucent gate.
 54428 | Elf:1    | Found a runed translucent gate.
 54428 | Elf:1    | Found a runed translucent gate.
 54428 | Elf:1    | Found a runed translucent gate.
 54433 | Elf:1    | Noticed Heg Cuhi's ghost (adept MiFi)
 55135 | Elf:1    | Killed Heg Cuhi's ghost
 55286 | Elf:1    | Identified the +0 pair of gloves of Gaamonyg {rC+ rN+
                  | Will+}
 55292 | Elf:1    | Got the Handbook of the Brilliant Union
 55354 | Elf:2    | Identified the +9 falchion of the Imperium {heavy, rN+}
 55413 | Elf:2    | Paralysed by an air elemental for 1 turns
 55415 | Elf:2    | Paralysed by an air elemental for 1 turns
 55447 | Elf:2    | Gained mutation: Your body sometimes deteriorates upon
                  | taking damage. [a neqoxec]
 56168 | Elf:2    | Found a runed translucent gate.
 56169 | Elf:2    | Found a runed translucent gate.
 56169 | Elf:2    | Found a runed translucent gate.
 56444 | Elf:2    | Reached XP level 23. HP: 234/234 MP: 7/22
 56767 | Elf:3    | Entered Level 3 of the Elven Halls
 57618 | Elf:3    | Identified the +6 morningstar "Wextuem" {freeze, rElec
                  | Dex+8}
 57830 | Elf:3    | Identified the ring "Suuguof" {EV+5 Str+5}
 57850 | Elf:3    | Identified the ring of the Hippogriff {EV+5 Str+3 Int-3
                  | Dex+7}
 57970 | Elf:3    | Identified the staff "Tepomebe" {rC+ Will+ Ice Earth}
 57972 | Elf:3    | Identified the +7 rapier of the Ship {heavy, rC+ rN+}
 57975 | Elf:3    | Identified the +0 pair of boots "Rotohyus" {rF- Str+5}
 58001 | Elf:3    | Got Spellwork and You
 58011 | Elf:3    | Got Lom Lobon's Compendium of Wounds
 58541 | Vaults:5 | Entered Level 5 of the Vaults
 59289 | Vaults:5 | Identified the +0 leather armour of Zoabegoh {rF+ rC+ rCorr
                  | Int-3}
 59319 | Vaults:5 | Noticed a dread lich
 59326 | Vaults:5 | Noticed an ancient lich
 59336 | Vaults:5 | Killed a dread lich
 59337 | Vaults:5 | Reached skill level 27 in Fighting
 59338 | Vaults:5 | Noticed an ancient lich
 59353 | Vaults:5 | Noticed Saint Roka
 59470 | Vaults:5 | Killed an ancient lich
 59474 | Vaults:5 | Killed an ancient lich
 59547 | Vaults:5 | Killed Saint Roka
 59548 | Vaults:5 | Reached XP level 24. HP: 220/249 MP: 7/22
 59815 | Vaults:5 | Found the +3 hat of Pondering {ponderous, Will+ MP+10
                  | Int+5}
 60864 | Vaults:5 | Identified the amulet "Duolaos" {+Blink Regen+ Str+4}
 61020 | Vaults:5 | Identified the death talisman of the Hall of Blades {rElec
                  | Will+ rCorr Int+2}
 61021 | Vaults:5 | Identified the ring "Saggusir" {+Blink Will+ EV+5 SInv}
 61023 | Vaults:5 | Got a silver rune of Zot
 61033 | Vaults:5 | Got the Parchment of Frostbite and Production
 61445 | Hell     | Entered the Vestibule of Hell
 61445 | Hell     | Noticed Geryon
 61516 | Hell     | Killed Geryon
 61848 | Vaults:2 | You paid a toll of the horn of Geryon to enter a treasure
                  | trove
 61849 | Trove    | Entered a treasure trove
 61851 | Trove    | Identified the +3 kite shield of Zealous Curiosity {rC++
                  | Int+4}
 61852 | Trove    | Identified the amulet "Honaliw" {Acrobat Str+3 Dex+5
                  | Slay-6}
 61859 | Trove    | Identified the amulet of the Furies {Acrobat rC- Regen+
                  | Str+7}
 61866 | Trove    | Identified the +1 hat "Peohem" {Int+6}
 61867 | Trove    | Identified the -1 hat "Enakh" {Regen+ Str+5}
 61886 | Trove    | Identified the ring "Deckay" {rElec rC+ MP+9 Int+6 Dex-3}
 61910 | Trove    | Identified the ring "Linoamosm" {rN+ rCorr Int+3 Dex-2}
 61924 | Trove    | Identified the ring "Nufoig" {AC+4 Int+2 Dex-4 SInv}
 61938 | Trove    | Identified the ring "Miotu" {Ice ^Drain Will+ Dex+3 Stlth+}
 61966 | Trove    | Identified the ring of Ymuyf {Will- Str+3 Int+4 Slay+2
                  | SInv}
 62406 | Zot:1    | Entered Level 1 of the Realm of Zot
 62407 | Zot:1    | Upgraded the game from 0.31-a0-1308-ga3cce3a448 to
                  | 0.31-a0-1321-g5021b54cb2
 62667 | Zot:1    | Found a runed translucent door.
 62670 | Zot:1    | Noticed Cuhyol's ghost (veteran MfSh)
 63050 | Zot:1    | Found a transporter.
 63306 | Zot:1    | Gained mutation: You occasionally lose the ability to read
                  | scrolls when taking damage. [mutagenic glow]
 63363 | Zot:1    | Reached skill level 27 in Dodging
 63675 | Zot:1    | Killed Cuhyol's ghost
 63687 | Zot:1    | Reached skill level 1 in Evocations
 63697 | Zot:1    | Identified the +1 dagger of Watchfulness {freeze, rF+ rCorr
                  | MP-9 Dex+4}
 63724 | Zot:2    | Noticed a Killer Klown
 63730 | Zot:2    | Noticed an orb of fire
 63902 | Zot:2    | Gained mutation: You have hidden genetic potential. [an orb
                  | of fire]
 63906 | Zot:2    | Killed a Killer Klown
 63909 | Zot:2    | Killed an orb of fire
 64183 | Zot:2    | Reached XP level 25. HP: 257/257 MP: 10/22
 64299 | Zot:2    | You fall into a shaft and drop 2 floors!
 64487 | Zot:3    | Reached skill level 5 in Evocations
 64504 | Zot:3    | Noticed Vv
 64521 | Zot:3    | Killed Vv
 64744 | Zot:2    | Identified the +0 scale mail of the Gastropod {Harm +Blink
                  | Will+}
 65260 | Zot:3    | Acquired the +0 pair of boots of Perfidy {rC+ Stlth+}
 66387 | Zot:4    | Noticed a Killer Klown
 66410 | Zot:4    | Killed a Killer Klown
 66421 | Zot:4    | Reached skill level 10 in Translocations
 66591 | Zot:4    | Noticed a Killer Klown
 66609 | Zot:4    | Killed a Killer Klown
 66892 | Zot:5    | Entered Level 5 of the Realm of Zot
 66964 | Zot:5    | Found Yppoat's Last-Chance Deals.
 67027 | Zot:5    | Bought the +0 pair of gloves of Discretion {*Corrode rElec
                  | rPois rF+++} for 1 gold piece
 67389 | Zot:5    | Gained mutation: You possess an exceptional clarity of
                  | mind. [hidden potential]
 68370 | Zot:5    | Noticed a dread lich
 68383 | Zot:5    | Killed a dread lich
 68429 | Zot:5    | Noticed an orb of fire
 68452 | Zot:5    | Noticed a Killer Klown
 68458 | Zot:5    | Noticed a Killer Klown
 68463 | Zot:5    | Killed an orb of fire
 68474 | Zot:5    | Noticed a dread lich
 68476 | Zot:5    | Noticed an orb of fire
 68506 | Zot:5    | Gained mutation: You are frail. (-10% HP) [an orb of fire]
 68510 | Zot:5    | Noticed a Killer Klown
 68518 | Zot:5    | Killed an orb of fire
 68522 | Zot:5    | Noticed an ancient lich
 68523 | Zot:5    | Noticed an ancient lich
 68523 | Zot:5    | Noticed an ancient lich
 68523 | Zot:5    | Noticed a Killer Klown
 68524 | Zot:5    | Noticed a Killer Klown
 68525 | Zot:5    | Noticed a Killer Klown
 68527 | Zot:5    | Noticed a Killer Klown
 68540 | Zot:4    | Killed an ancient lich
 68544 | Zot:4    | Killed a Killer Klown
 68545 | Zot:4    | Reached XP level 26. HP: 163/239 MP: 10/22
 68617 | Zot:5    | Noticed a dread lich
 68621 | Zot:4    | Killed a dread lich
 68639 | Zot:4    | Killed an ancient lich
 68809 | Zot:4    | Killed a dread lich
 68811 | Zot:4    | Killed an ancient lich
 69491 | Zot:5    | Found Yppoat's Last-Chance Deals.
 69893 | Zot:5    | Got the Orb of Zot
 70156 | D:15     | Bought the +4 consecrated labrys {holy, Valiant ^Fragile
                  | Fly SInv} for 1396 gold pieces
 70156 | D:15     | Found the +4 consecrated labrys {holy, Valiant ^Fragile Fly
                  | SInv}
 70409 | D:$      | Escaped with the Orb!

Illustrated notes

Levels and vault maps discovered:
D:1:      dpeg_arrival_ratfight, layout_rooms, st_stairs_6,
          hangedman_decor_lopped
D:2:      layout_loops_ring, basic_altar, uniq_jessica
D:3:      layout_basic, marbit_many_paths, general_overflow_altar, serial_shops,
          nicolae_shop_industrial_runoff,
          shapermc_ecumenical_altar_starsandcircs
D:4:      layout_loops_ring, nicolae_ossuary_entry_false_entrances,
          serial_shops, nicolae_shop_tiny_statue_garden
D:5:      layout_loops_cross, mainiacjoe_overflow_boulevard
D:6:      layout_basic, mainiacjoe_overflow_large_starburst,
          minmay_temple_entry_grid, serial_rivers,
          chequers_serial_rivers_micro_a, chequers_serial_rivers_large_b,
          chequers_serial_rivers_small_b, chequers_serial_rivers_small_b,
          chequers_serial_rivers_marsh
D:7:      layout_basic, lemuel_doored_altar, st_stairs_14
D:8:      layout_gridville, grunt_temple_overflow_open, serial_bayou,
          serial_bayou_shore_b, serial_bayou_pond_e, serial_bayou_shore_b,
          serial_bayou_shore_a, enter_bailey_2
D:9:      layout_grid_maze, mainiacjoe_overflow_cross_hatched, lair_entry_dummy,
          orc_0_dummy
D:10:     layout_long_grid, tgw_fedhas, uniq_maurice, uniq_harold
D:11:     layout_cave_pools, serial_shops, shop, nicolae_nh_vlads_tower,
          uniq_amaemon
D:12:     layout_irregular_city, serial_shops, kennysheep_little_box,
          serial_demonic, serial_demonic_e, serial_demonic_g, serial_demonic_d,
          serial_demonic_d
D:13:     layout_rooms
D:14:     minmay_nested_s, layout_irregular_city, david_vaults_4,
          serial_park_tiny_1, uniq_azrael
D:15:     grunt_enter_depths_magical_seal, layout_irregular_city,
          evilmike_ruin_ashenzari, portal_ice_cave_entry_frozen_things,
          uniq_josephine
Temple:   minmay_temple_curvy_loop
Lair:1:   layout_roguey, patterned_corridor, grunt_megastairs_1
Lair:2:   layout_roguey, swamp_mist, bobbens_dragon_lair_wall
Lair:3:   layout_small_grid, spider_nest_entry_rubble
Lair:4:   layout_roguey, slime_entry_1
Lair:5:   evilmike_catoblepas_cave, layout_regular_city, basic_altar,
          grunt_megastairs_3
Swamp:1:  nicolae_swamp_ascending_descending, layout_falls_marsh,
          evilmike_swamp_ruin_house_5, uniq_roxanne
Swamp:2:  nzn_winding_woodlands_small [nzn_winding_woodlands_5x15_pockets,
          nzn_winding_woodlands_center_diamonds,
          nzn_winding_woodlands_5x15_cabin], layout_basic_swamp,
          hangedman_swamp_ruin_hall, swamp_pool_3,
          nicolae_swamp_hydra_murder_den
Swamp:3:  layout_basic_swamp, serial_swamp_ruin, evilmike_swamp_ruin_house_2,
          evilmike_swamp_ruin_house_4
Swamp:4:  swamp_alternative, layout_basic_swamp, uniq_mara
Spider:1: layout_spider_delve
Spider:2: layout_chambers, guppyfry_hornet_nest
Spider:3: layout_spider_delve, hive_lemuel
Spider:4: grunt_spider_rune_circles, nicolae_spider_eight_legs
Orc:1:    layout_caves, nicolae_orc_flooded_monolith
Orc:2:    kennysheep_orc_mage_school, layout_caves, serial_shops, shop,
          uniq_erolcha, uniq_rupert
Elf:1:    elf_arrival_001, layout_gridlike, gammafunk_ghost_tricky_traps,
          hangedman_elf_represent
Elf:2:    nicolae_elf_blades_crystal_corner, layout_geoelf_diagonals,
          grunt_megastairs_4
Elf:3:    minmay_elf_hall_statues, layout_geoelf_diagonals
Vaults:1: v_pattern_2, hangedman_vaults_nails,
          hangedman_vaults_stretched_pinwheel,
          nicolae_vaults_crenellated_ambush, hangedman_vaults_cutoff,
          ontoclasm_vaults_decontamination, nicolae_vaults_trapezoid_lopsided_3,
          nicolae_vaults_yaktaur_gun_rack, layout_vaults_quadrants
Vaults:2: vaults_standard_mumra_lines, nicolae_vaults_apartment_2,
          hangedman_vaults_cutoff, nicolae_vaults_storage_closets_3,
          hangedman_vaults_stagger, nicolae_vaults_doubleplus_tesselated,
          nicolae_vaults_trapezoid_lopsided_1, nicolae_vaults_six-pack,
          hangedman_vaults_hard_town_square, vaults_room_hallway,
          nicolae_vaults_little_squares_3, vaults_dpeg_ring, v_alt_pattern_1,
          layout_vaults_maze_bifur, trove_entry_hex_spiral
Vaults:3: nicolae_vaults_security_offices_5, ontoclasm_vaults_idyll,
          nicolae_vaults_storage_room_statues,
          nicolae_vaults_storage_room_doors, ontoclasm_vaults_tryst,
          blue_anna_dwarven_crypt, nicolae_vaults_surprise_closet,
          nicolae_vaults_spaceships, vaults_room_pool,
          nicolae_vaults_border_crossing, vaults_room_pool,
          layout_vaults_big_room, serial_shops, nicolae_shop_gibbet_a_chance
Vaults:4: v_rooms_3, vaults_dpeg_hooks, nicolae_vaults_sealed_display,
          hangedman_vaults_restitches, nicolae_vaults_thirteen_compartments,
          nicolae_vaults_more_shelving_1, nicolae_vaults_inception_corners,
          hangedman_vaults_unwind, nicolae_vaults_offset_grid_hallway_2,
          layout_vaults_omnibox
Vaults:5: serial_shops, uniq_saint_roka
Depths:1: layout_basic, hell_entry, serial_shops, shop, minmay_strange_pillars,
          lemuel_flames_and_gold, uniq_nikola
Depths:2: evilmike_diamond_2, layout_cave_pools, abyss_entry, pan_entry,
          hell_entry, serial_glass, glass_columns_a, glass_columns_a,
          serial_sigils_hangedman_etch, onia_ninara_dug_in_and_dangerous,
          infiniplex_staircase_zigzag_5
Depths:3: minmay_isolated_rectangles_in_corner, layout_cave_pools,
          enter_ziggurat_f, roderic_roman_lattice, pf_hell_entry_tar_spiral,
          minmay_room_of_horrors
Depths:4: evilmike_zot_entry_basic, layout_basic, serial_shops,
          bzr_entry_customers, grunt_hell_entry_dis_mu, uniq_josephina
Hell
Zot:1:    layout_concentric_octagons, regret_index_zotdec_stipple_waver,
          ebering_ghost_inner_flame, nicolae_diode_basic
Zot:2:    layout_onion_interference, amethyst_zot_foddershock
Zot:3:    layout_twisted_circle, uniq_vv
Zot:4:    layout_gridlike, st_stairs_14, regret_index_zotdec_tunneler,
          lemuel_elevator
Zot:5:    layout_onion, hellmonk_bargain_basement

Skill      XL: |  1  2  3  4  5  6  7  8  9 10 11 12 13 14 15 16 17 18 19 20 21 22 23 24 25 26 |
---------------+-------------------------------------------------------------------------------+-----
Armour         | 2 3 4 5 7 10 11 13 15 16 18 20 21 23 24 26 27 | 27.0
Axes           | 1 2 4 6 9 11 13 14 16 18 20 21 22 24 | 24.3
Fighting       | 7 10 11 12 13 15 16 17 19 21 23 25 27 | 27.0
Dodging        | 4 7 9 11 12 14 15 17 20 22 24 27 | 27.0
Throwing       | 4 6 8 10 | 10.0
Translocations | 4 5 6 12 | 12.0
Evocations     | 3 6 9 |  9.4
Short Blades   | |  2.1
Stealth        | |  3.2

Action                     |  1- 3 |  4- 6 |  7- 9 | 10-12 | 13-15 | 16-18 | 19-21 | 22-24 | 25-27 || total
---------------------------+-------+-------+-------+-------+-------+-------+-------+-------+-------++-------
  Melee: Dagger            |    77 |   105 |       |       |       |       |       |       |       ||   182
         Headbutt          |    13 |    40 |    44 |   100 |   315 |   456 |   530 |   539 |   228 ||  2265
         Punch             |     3 |     3 |     1 |       |     6 |     8 |       |       |     1 ||    22
         Hand axe          |     7 |    85 |   258 |    28 |       |       |       |       |       ||   378
         Battleaxe         |       |       |       |   472 |  1013 |  1300 |  1505 |  1726 |   715 ||  6731
         Demon whip        |       |       |       |     9 |   176 |   247 |       |       |       ||   432
         Unarmed           |       |       |       |       |       |       |    11 |       |       ||    11
         Broad axe         |       |       |       |       |       |       |       |       |    13 ||    13
         Labrys            |       |       |       |       |       |       |       |       |     8 ||     8
  Throw: Dart              |     2 |     5 |    15 |    40 |    70 |   117 |       |       |       ||   249
         Throwing net      |       |       |       |     1 |     1 |       |       |       |       ||     2
         Javelin           |       |       |       |       |     6 |       |       |     3 |       ||     9
   Cast: Lesser Beckoning  |       |       |       |       |       |       |     6 |     3 |     1 ||    10
         Manifold Assault  |       |       |       |       |       |       |     1 |       |       ||     1
 Invoke: Call Merchant     |       |       |       |       |       |       |       |    14 |     1 ||    15
  Evoke: Wand              |       |     5 |    12 |     4 |    13 |     1 |     1 |     1 |       ||    37
    Use: Scroll            |       |     8 |     6 |     5 |    16 |     9 |     2 |    19 |     9 ||    74
         Potion            |       |     1 |     1 |     4 |     7 |     1 |       |     8 |     3 ||    25
   Stab: Sleeping          |     3 |     5 |       |    14 |     5 |       |       |       |       ||    27
         Distracted        |       |       |     1 |     2 |    10 |    12 |    12 |    18 |     6 ||    61
         Invisible         |       |       |       |     5 |       |       |       |       |       ||     5
         Fleeing           |       |       |       |       |     1 |       |       |       |       ||     1
         Petrifying        |       |       |       |       |     1 |       |       |       |       ||     1
         Paralysed         |       |       |       |       |       |     1 |       |       |       ||     1
 Armour: Robe              |    32 |    30 |       |       |       |       |       |       |       ||    62
         Leather armour    |       |    19 |       |       |       |       |       |       |       ||    19
         Ring mail         |       |    33 |     8 |       |       |       |       |       |       ||    41
         Chain mail        |       |       |   140 |       |       |       |       |       |       ||   140
         Swamp dragon scal |       |       |    19 |   471 |   398 |       |       |       |       ||   888
         Plate armour      |       |       |       |       |   295 |   952 |   667 |  1004 |   501 ||  3419
         Skin              |       |       |       |       |       |       |     2 |       |       ||     2
  Dodge: Dodged            |    40 |   104 |   107 |   297 |   809 |  1820 |  1275 |  1726 |   810 ||  6988

Table legend: (Time is in decaauts)
 A = Elapsed time spent in this place.
 B = Non-inter-level travel time spent in this place.
 C = Inter-level travel time spent in this place.
 D = Time resting spent in this place.
 E = Time spent auto-exploring this place.
 F = Levels seen in this place.
 G = Mean time per level.
                   A        B        C        D        E       F      G
               +--------+--------+--------+--------+--------+-----+--------+
         Total |  69086 |  62433 |   6653 |   5268 |  43595 |  54 | 1279.4 |
       Dungeon |  17842 |  15426 |   2416 |    777 |  11626 |  15 | 1189.5 |
        Temple |     59 |      1 |     58 |      0 |      0 |   1 |   59.0 |
          Lair |   7128 |   6687 |    441 |    881 |   4463 |   5 | 1425.6 |
         Swamp |   3870 |   3742 |    128 |    482 |   2547 |   4 |  967.5 |
   Spider Nest |   5348 |   5175 |    173 |    215 |   3853 |   4 | 1337.0 |
  Orcish Mines |   1986 |   1649 |    337 |     58 |   1103 |   2 |  993.0 |
   Elven Halls |   4309 |   3718 |    591 |    261 |   2453 |   3 | 1436.3 |
        Vaults |  10392 |   9323 |   1069 |    325 |   7095 |   5 | 2078.4 |
        Depths |   8588 |   7573 |   1015 |   1451 |   4593 |   4 | 2147.0 |
          Hell |     84 |     84 |      0 |      0 |     13 |   1 |   84.0 |
           Zot |   6986 |   6565 |    421 |    226 |   4884 |   5 | 1397.2 |
        Bazaar |    268 |    268 |      0 |    106 |     63 |   1 |  268.0 |
         Trove |    190 |    190 |      0 |      0 |    145 |   1 |  190.0 |
       Ossuary |    340 |    340 |      0 |     22 |    191 |   1 |  340.0 |
        Bailey |    568 |    568 |      0 |    128 |    171 |   1 |  568.0 |
      Ice Cave |   1121 |   1121 |      0 |    332 |    390 |   1 | 1121.0 |
               +--------+--------+--------+--------+--------+-----+--------+

Top non-repeatable levels by time:
    D:14: 3338 daAuts
Depths:2: 3151 daAuts
Vaults:5: 2441 daAuts
    D:15: 2263 daAuts
  Lair:5: 2217 daAuts
Vaults:2: 2142 daAuts
Vaults:4: 2084 daAuts
Depths:1: 2026 daAuts
Vaults:1: 1979 daAuts
   Zot:5: 1914 daAuts
Spider:2: 1902 daAuts
Depths:3: 1881 daAuts
Vaults:3: 1744 daAuts
   Elf:1: 1647 daAuts
   Zot:1: 1612 daAuts
